Map: Mech Depot LE

Players

Snute

  • Race: Zerg Zerg
  • Spawn Location: 1:00

Neeb - Winner!

  • Race: Protoss Protoss
  • Spawn Location: 7:00

Event: WCS Montreal 2017

VOD

Have the link to the VOD?

Description

Time

  • Played on: Sept. 10, 2017, 2:08 p.m.
  • Length: 8:49

All games in this series

Show
View Real Time Build Order
Export as new Build Order

Snute Zerg 

Build Orders: Hatch First 

Get SALT Encoding   

  12  0:00  Drone  
  13  0:12  Overlord  
  13  0:16  Drone  
  14  0:30  Drone x2  
  14  0:34  Drone  
  17  0:51  Hatchery  
  17  0:54  Drone  
  17  0:58  Drone  
  17  1:00  Extractor  
  17  1:13  Spawning Pool  
  17  1:16  Drone  
  17  1:20  Drone  
  18  1:27  Drone  
  19  1:38  Overlord  
  19  1:49  Drone  
  20  1:59  Queen  
  20  2:00  Metabolic Boost  
  23  2:01  Drone  
  23  2:08  Queen  
  23  2:11  Zergling x2  
  23  2:14  Zergling x2  
  27  2:16  Drone  
  27  2:21  Drone  
  29  2:25  Drone  
  30  2:32  Drone  
  30  2:35  Overlord  
  31  2:43  Overlord  
  31  2:47  Drone  
  32  2:51  Pneumatized Carapace  
  32  2:54  Drone  
  32  2:57  Drone  
  34  3:03  Queen  
  34  3:04  Drone  
  37  3:08  Drone x2  
  37  3:09  Drone x2  
  41  3:16  Drone  
  41  3:17  Drone  
  41  3:18  Overlord  
  43  3:22  Drone  
  44  3:32  Hatchery  
  44  3:34  Drone  
  44  3:37  Drone x2  
  44  3:40  Drone  
  47  3:41  Drone  
  47  3:46  Lair  
  48  3:49  Drone  
  48  3:50  Drone x2  
  48  3:52  Drone  
  52  3:56  Extractor  
  52  3:57  Extractor  
  52  3:58  Overlord  
  52  3:59  Drone  
  52  4:01  Drone  
  52  4:07  Baneling Nest  
  52  4:09  Drone  
  52  4:11  Overlord  
  52  4:17  Drone x3  
  52  4:24  Spore Crawler  
  54  4:25  Zergling x6  
  54  4:27  Spore Crawler  
  54  4:31  Zergling x10  
  58  4:36  Zergling x2  
  62  4:45  Overseer  
  62  4:46  Spore Crawler  
  62  4:47  Zergling x6  
  62  4:57  Drone x3  
  62  4:58  Drone  
  62  4:59  Drone  
  65  5:00  Drone  
  65  5:01  Centrifical Hooks  
  65  5:03  Hydralisk Den  
  65  5:04  Zergling x2  
  60  5:09  Zergling x8  
  64  5:19  Zergling x2  
  64  5:20  Zergling x10  
  70  5:30  Baneling x8  
  70  5:32  Queen  
  70  5:35  Overlord, Muscular Augments  
  72  5:37  Hydralisk  
  74  5:47  Overlord  
  74  5:50  Overlord  
  74  5:54  Hydralisk x3  
  80  6:00  Overlord x2  
  80  6:03  Overlord  
  80  6:07  Hydralisk x2  
  84  6:16  Hydralisk  
  85  6:24  Hydralisk  
  84  6:31  Zergling x2  
  84  6:32  Zergling x22  
  96  6:46  Hydralisk x3  
  102  6:51  Hydralisk  
  104  6:55  Extractor  
  104  6:58  Hydralisk  
  104  6:59  Hydralisk  
  104  7:01  Zergling x12  
  112  7:14  Hydralisk  
  112  7:15  Hydralisk  
  110  7:19  Hydralisk  
  110  7:21  Overlord x2  
  112  7:26  Zergling x4  
  113  7:31  Baneling x3  
  113  7:37  Extractor  
  102  7:45  Hydralisk x4  
  102  7:48  Zergling x2  
  102  7:49  Zergling x8  
  94  7:57  Hydralisk x2  
  86  8:00  Queen x2  
  86  8:02  Zergling x2  
  81  8:06  Hydralisk x2  
  81  8:08  Zergling x6  
  81  8:10  Zergling x2  
  81  8:12  Baneling x4  
  89  8:18  Hydralisk  
  91  8:22  Hydralisk x2  
Show
View Real Time Build Order
Export as new Build Order

Neeb Protoss - Winner!

Build Orders: 1 Gate Expand, Archon Immortal, Zealot Archon, Archon Drop, Dark Templar Rush 

Get SALT Encoding   

  12  0:00  Probe (Chrono Boost)  
  13  0:11  Probe (Chrono Boost)  
  14  0:18  Pylon  
  14  0:22  Probe (Chrono Boost)  
  15  0:36  Probe (Chrono Boost)  
  15  0:40  Gateway  
  16  0:47  Probe (Chrono Boost)  
  16  0:48  Assimilator  
  17  0:57  Probe (Chrono Boost)  
  18  1:08  Probe (Chrono Boost)  
  19  1:18  Probe (Chrono Boost)  
  19  1:25  Nexus  
  20  1:33  Cybernetics Core  
  20  1:37  Probe (Chrono Boost)  
  21  1:45  Assimilator  
  21  1:47  Probe (Chrono Boost)  
  21  1:52  Pylon  
  22  1:58  Probe (Chrono Boost)  
  23  2:10  Probe, Stalker (Chrono Boost), Warp Gate  
  26  2:22  Probe  
  27  2:25  Twilight Council  
  27  2:34  Probe (Chrono Boost)  
  27  2:36  Probe (Chrono Boost), Adept (Chrono Boost)  
  31  2:46  Probe (Chrono Boost)  
  31  2:48  Probe (Chrono Boost)  
  33  2:55  Robotics Facility  
  33  2:57  Probe (Chrono Boost)  
  34  3:00  Probe (Chrono Boost)  
  35  3:07  Probe (Chrono Boost)  
  35  3:10  Probe (Chrono Boost)  
  37  3:18  Probe (Chrono Boost), Dark Shrine  
  38  3:21  Gateway  
  38  3:23  Probe (Chrono Boost)  
  39  3:28  Probe (Chrono Boost)  
  39  3:33  Probe (Chrono Boost)  
  41  3:38  Gateway  
  41  3:40  Gateway  
  41  3:46  Warp Prism (Chrono Boost), Probe  
  44  3:53  Probe, Pylon  
  45  3:56  Assimilator  
  45  3:59  Probe  
  45  4:00  Assimilator  
  46  4:10  Probe  
  46  4:11  Probe, Pylon  
  48  4:18  Pylon  
  48  4:20  Probe  
  48  4:23  Probe  
  50  4:31  Probe  
  51  4:39  Dark Templar x4  
  51  4:43  Probe  
  51  4:45  Probe, Pylon  
  61  4:59  Probe  
  61  5:01  Probe  
  63  5:09  Archon x2  
  63  5:11  Zealot x2  
  63  5:12  Probe, Zealot  
  63  5:13  Probe  
  61  5:23  Mothership Core  
  64  5:30  Gateway  
  64  5:31  Charge (Chrono Boost), Gateway  
  64  5:32  Immortal (Chrono Boost)  
  64  5:33  Nexus, Gateway x2, Pylon  
  67  5:45  Sentry x3  
  67  5:46  Sentry  
  75  5:56  Pylon  
  75  6:05  Pylon  
  75  6:06  Immortal  
  75  6:07  Pylon  
  79  6:35  Zealot x8  
  95  6:41  Immortal  
  99  6:55  Pylon  
  99  6:57  Dark Templar x4  
  99  6:58  Zealot x3  
  113  7:01  Zealot  
  113  7:05  Archon x2  
  115  7:15  Immortal  
  119  7:23  Dark Templar x2  
  119  7:24  Zealot x2  
  127  7:31  Archon  
  127  7:35  Pylon  
  127  7:36  Pylon  
  91  7:53  Zealot x6  
  95  8:02  Probe x3  
  96  8:11  Dark Templar x2  
  100  8:13  Dark Templar  
  100  8:14  Dark Templar, Zealot x4  
  100  8:15  Archon  
  100  8:17  Archon  
  112  8:22  Observer  
  107  8:39  Zealot x4  
  107  8:43  Sentry x2  
Tags
 
Add a new tag
Caveats
  • Supply blocks, unpowered buildings, or Contaminate may cause inaccurate times.
  • Supply counts are checked every 10 seconds.